 Dungeon Crawl Stone Soup version 0.21.1-1-g345015f (webtiles) character file.

64 suicidejoker the Sneak (level 4, -4/30 HPs)
             Began as an Octopode Assassin on Apr 16, 2018.
             Slain by a gnoll
             ... wielding a +0 spear
              (11 damage)
             ... on level 2 of the Dungeon.
             The game lasted 00:02:41 (1571 turns).

suicidejoker the Sneak (Octopode Assassin)          Turns: 1571, Time: 00:02:42

Health: -4/30      AC:  1    Str: 11    XL:     4   Next: 12%
Magic:  6/6        EV: 13    Int: 13    God:
Gold:   70         SH:  0    Dex: 13    Spells: 6/6 levels left

rFire    . . .     SeeInvis .   a - +2 dagger
rCold    . . .     Gourm    .   (no shield)
rNeg     . . .     Faith    .   (helmet restricted)
rPois    .         Spirit   .   (no amulet)
rElec    .         Reflect  .   (no ring)
rCorr    .         Harm     .   (no ring)
MR       .....                  (no ring)
Stlth    ++++......             (no ring)
HPRegen  0.10/turn              (no ring)
MPRegen  0.10/turn              (no ring)
                                (no ring)
                                (no ring)

@: no status effects
A: almost no armour, stealthy swim, amphibious, 8 rings, constrict 8, camouflage
1, gelatinous body 1
a: no special abilities


You were on level 2 of the Dungeon.
You were not hungry.

You visited 1 branch of the dungeon, and saw 2 of its levels.

You collected 70 gold pieces.

Inventory:

Hand Weapons
 a - a +2 dagger (weapon)
 b - a +0 blowgun
Missiles
 c - 8 poisoned needles
 d - 2 curare-tipped needles
Jewellery
 e - an uncursed amulet of the gourmand {unknown}
Scrolls
 g - a scroll of immolation {unknown}
 h - a scroll of teleportation {unknown}
 i - a scroll of fear {unknown}
Comestibles
 f - 7 rations


   Skills:
 + Level 2.4 Fighting
 + Level 2.3 Short Blades
 + Level 2.3 Throwing
 + Level 1.6 Dodging
 + Level 5.6 Stealth
 * Level 1.7 Spellcasting


You had 6 spell levels left.
You didn't know any spells.

Dungeon Overview and Level Annotations

Branches:
Dungeon (2/15)

Altars:


Innate Abilities, Weirdness & Mutations

You cannot wear most types of armour.
You are very stealthy in the water. (Stealth+)
You are amphibious.
You can wear up to eight rings at the same time.
You can use your tentacles to constrict eight enemies at once.
Your skin changes colour to match your surroundings (Stealth+).
Your rubbery body absorbs attacks. (AC +1, EV +1)


Message History

The gnoll hits you but does no damage. The gnoll hits you.
You hit the gnoll. Your grab misses the gnoll.
The gnoll is severely wounded.
The gnoll hits you from afar with a spear.
You barely miss the gnoll. You grab the gnoll.
The gnoll is severely wounded.
You constrict the gnoll, but do no damage.
The gnoll closely misses you. x2
You hit the gnoll but do no damage.
The gnoll is severely wounded.
You constrict the gnoll. The gnoll hits you! The gnoll barely misses you.
You hit the gnoll.
The gnoll is almost dead.
You constrict the gnoll. The gnoll hits you.
* * * LOW HITPOINT WARNING * * *
You hit the gnoll.
You kill the gnoll!
You have reached level 4!
The gnoll hits you from afar with a spear!
You die...

..##.†..##.#...# ########
..##...(##.#...# #......#
..#......#.#...# #......#
..#..##..#.#...# #......#
.....###...##### #......#
#.########## #......# #.#
#.. +...)..# #.#
#.##########......#
#.#####.#.......@†g.....#
.....##.##.#######g..!....#
####.##.#......# ...####...
#.#.........#.##.# ## .
#.#..########. #.# #.
#.#.......... #.. #
#.#.######### ### .
#.......... ###.#######
####


You could see 2 gnolls.

Vanquished Creatures
  2 gnolls (D:2)
  2 worms (D:2)
  2 dart slugs
  7 bats
  3 giant cockroaches
  3 goblins
  2 hobgoblins (D:1)
  2 quokkas (D:2)
  A ball python (D:1)
  4 frilled lizards
  4 kobolds (D:1)
  4 rats
36 creatures vanquished.

Notes
Turn   | Place    | Note
-------+----------+-------------------------------------------
     0 | D:1      | suicidejoker the Octopode Assassin began the quest for the Orb.
     0 | D:1      | Reached XP level 1. HP: 14/14 MP: 1/1
    87 | D:1      | Reached XP level 2. HP: 19/19 MP: 1/3
   196 | D:1      | Reached skill level 1 in Spellcasting
   385 | D:1      | Reached XP level 3. HP: 19/24 MP: 3/5
  1571 | D:2      | Reached XP level 4. HP: 6/30 MP: 6/6
  1571 | D:2      | Slain by a gnoll

Skill      XL: |  1  2 |
---------------+-------+-----
Spellcasting   | 1 |  1.7
Fighting       | |  2.4
Short Blades   | |  2.3
Throwing       | |  2.3
Dodging        | |  1.6
Stealth        | |  5.6

Action                   |  1- 3 |  4- 6 || total
-------------------------+-------+-------++-------
Melee: Dagger            |    69 |       ||    69
       Constrict         |    15 |       ||    15
       Tentacles         |     7 |       ||     7
  Use: Scroll            |     2 |       ||     2
 Stab: Sleeping          |    13 |       ||    13
       Distracted        |     1 |       ||     1
  Eat: Chunk             |     2 |       ||     2
Armor: Skin              |     6 |       ||     6
Dodge: Dodged            |    42 |       ||    42
